 Dungeon Crawl Stone Soup version 0.30-a0-364-gf6b3ef1049 (webtiles) character file.

Game seed: 4268882535185160596

298 Ijustatesigmund the Magician (level 6, 0/35 HPs)
             Began as a Deep Elf Fire Elementalist on Nov 16, 2022.
             Slain by a troll zombie (5 damage)
             ... in an ossuary.
             The game lasted 00:07:14 (2299 turns).

Ijustatesigmund the Magician (DEFE)                 Turns: 2299, Time: 00:07:16

Health: 0/35       AC:  6    Str:  5    XL:     6   Next: 13%
Magic:  10/15      EV: 16    Int: 22    God:
Gold:   56         SH:  0    Dex: 15    Spells: 8/15 levels left

rFire   . . .      SeeInvis .    d - +0 dagger (flame)
rCold   . . .      Faith    .    (no shield)
rNeg    . . .      Spirit   .    a - +0 robe
rPois   .          Reflect  .    (no helmet)
rElec   .          Harm     .    (no cloak)
rCorr   .          Rampage  .    (no gloves)
Will    .....                    (no boots)
Stlth   ++........               (no amulet)
HPRegen 0.25/turn                e - +4 ring of protection
MPRegen 0.14/turn                h - +4 ring of evasion

@: no status effects
A: no striking features
a: no special abilities


You were in an ossuary.
You visited 1 branch of the dungeon, and saw 3 of its levels.
You also visited: Ossuary.

You collected 56 gold pieces.

Inventory:

Hand Weapons
 d - a +0 dagger of flaming (weapon)
Armour
 a - a +0 robe (worn)
Jewellery
 e - a +4 ring of protection (left hand)
 h - a +4 ring of evasion (right hand)
Scrolls
 g - 2 scrolls of identify
Potions
 b - a potion of magic
 c - a potion of resistance
 j - a potion of ambrosia


   Skills:
 - Level 2.0 Fighting
 - Level 2.4 Dodging
 - Level 2.4 Stealth
 + Level 5.1 Spellcasting
 + Level 3.4 Conjurations
 + Level 4.8 Fire Magic


You had 8 spell levels left.
You knew the following spells:

 Your Spells              Type           Power      Damage    Failure   Level
a - Foxfire               Conj/Fire      92%        2x1d8     1%          1
b - Scorch                Fire           52%        2d7       1%          2
c - Flame Wave            Conj/Fire      23%        2d8       19%         4

Your spell library contained the following spells:

 Spells                   Type           Power      Damage    Failure   Level
 Inner Flame              Hex/Fire       16%        N/A       11%         3
 Kindle Blastsparks       Fire/Tloc/Air  24%        2d12      16%         3


Dungeon Overview and Level Annotations

Branches:
Dungeon (4/15)            Ossuary (1/1)
 Temple: D:4-7

Altars:


Message History

There is an open door here.
There is an open door here.
There is an open door here.
You open the door.
There is an open door here.
There is an open door here.
There is an open door here.
You open the door.
A troll zombie comes into view.
There is an open door here.
Casting: Foxfire (safe; 1% risk of failure)
Confirm with . or Enter, or press ? or * to list all spells.
You conjure some foxfire!
The foxfire hits the troll zombie.
The troll zombie is lightly damaged.
Casting: Foxfire (safe; 1% risk of failure)
Confirm with . or Enter, or press ? or * to list all spells.
Flames lash the troll zombie.
The troll zombie is lightly damaged.
The troll zombie's fire resistance burns away.
The troll zombie bites you! The troll zombie claws you. x2
Your foxfire dissipates!
The troll zombie barely misses you. x2; The troll zombie closely misses you.
Okay, then.
Casting: Scorch (safe; 1% risk of failure)
Confirm with . or Enter, or press ? or * to list all spells.
You don't know that spell.
Unknown command.
Casting: Scorch (safe; 1% risk of failure)
Confirm with . or Enter, or press ? or * to list all spells.
Okay, then.
Okay, then.
Casting: Scorch (safe; 1% risk of failure)
Confirm with . or Enter, or press ? or * to list all spells.
Flames lash the troll zombie.
The troll zombie is burned terribly!
The troll zombie is lightly damaged.
The troll zombie bites you!
* * * LOW HITPOINT WARNING * * *
The troll zombie claws you.
You die...

..#.#....# +.#..# ..'.'....#
#.#..# ..###....# ###..#
..#.################ #.'..#
..#.#....#....#....# +.#..#
..'.#....#....#....# #.#..#
..###....#....#....# ###..#
..#.#....#....#..Z.# #.'..#
..#.#'#######'##@###### #.#..#
..#...#...#...#...#...#.. #..#
..###'###'###'###'###'#####..#
.............................#
∩...........................∩#
##############################


You could see a troll zombie (combustible).

Vanquished Creatures
  An elf zombie (Ossuary)
  A centaur zombie (Ossuary)
  A human zombie (Ossuary)
  A hound (D:4)
  2 ogre zombies (Ossuary)
  2 mummies (Ossuary)
  An ufetubus (D:4)
  4 adder zombies (Ossuary)
  A dart slug (D:1)
  5 bats (D:1)
  2 endoplasms (D:1)
  3 gnoll zombies (Ossuary)
  6 goblins
  3 hobgoblins
  6 jackals
  3 kobolds (D:1)
  3 quokkas
  A ball python (D:1)
  2 frilled lizards (D:1)
  3 goblin zombies (Ossuary)
  3 hobgoblin zombies (Ossuary)
  A kobold zombie (Ossuary)
  4 quokka zombies (Ossuary)
  3 rats (D:1)
  5 rat zombies (Ossuary)
67 creatures vanquished.

Vanquished Creatures (others)
  180 foxfires
180 creatures vanquished.

Grand Total: 247 creatures vanquished

Notes
Turn   | Place    | Note
-------+----------+-------------------------------------------
     0 | D:1      | Ijustatesigmund the Deep Elf Fire Elementalist began the
                  | quest for the Orb.
     0 | D:1      | Reached XP level 1. HP: 10/10 MP: 6/6
   319 | D:1      | Reached XP level 2. HP: 16/16 MP: 6/8
   331 | D:1      | Learned a level 2 spell: Scorch
   896 | D:1      | Reached XP level 3. HP: 20/20 MP: 5/10
  1019 | D:1      | Reached skill level 1 in Fighting
  1032 | D:1      | Found a faded altar of an unknown god.
  1192 | D:2      | You fall into a shaft and drop 2 floors!
  1214 | D:4      | Reached XP level 4. HP: 11/25 MP: 3/11
  1216 | D:4      | Reached skill level 4 in Spellcasting
  1338 | D:4      | Found a sand-covered staircase.
  1348 | D:4      | Learned a level 4 spell: Flame Wave
  1355 | Ossuary  | Entered an ossuary
  1474 | Ossuary  | Reached XP level 5. HP: 16/30 MP: 1/13
  2105 | Ossuary  | Reached skill level 5 in Spellcasting
  2105 | Ossuary  | Reached XP level 6. HP: 28/35 MP: 7/15
  2299 | Ossuary  | Slain by a troll zombie

Illustrated notes

Levels and vault maps discovered:
D:1:      dpeg_arrival_orchard, layout_basic,
          shapermc_ecumenical_altar_mp_highgroup
D:2:      layout_basic, uniq_jessica
D:4:      minmay_chambers_of_threes, layout_layer_cave,
          mainiacjoe_overflow_alcove_4, enter_ossuary_1
Ossuary:  ossuary_boxes_badplayer

Skill      XL: |  1  2  3  4  5 |
---------------+----------------+-----
Fighting       | 1 2 |  2.0
Conjurations   | 2 3 |  3.4
Spellcasting   | 4 5 |  5.1
Fire Magic     | 4 |  4.8
Dodging        | |  2.4
Stealth        | |  2.4

Action                   |  1- 3 |  4- 6 || total
-------------------------+-------+-------++-------
Melee: Dagger            |       |    11 ||    11
 Cast: Foxfire           |    63 |    46 ||   109
       Scorch            |     2 |    27 ||    29
  Use: Scroll            |     6 |       ||     6
 Stab: Sleeping          |       |     2 ||     2
Armor: Robe              |    21 |    17 ||    38
Dodge: Dodged            |    57 |    41 ||    98

Table legend: (Time is in decaauts)
 A = Elapsed time spent in this place.
 B = Non-inter-level travel time spent in this place.
 C = Inter-level travel time spent in this place.
 D = Time resting spent in this place.
 E = Time spent auto-exploring this place.
 F = Levels seen in this place.
 G = Mean time per level.
                   A        B        C        D        E       F      G
               +--------+--------+--------+--------+--------+-----+--------+
         Total |   2296 |   2276 |     20 |    646 |   1066 |   4 |  574.0 |
       Dungeon |   1352 |   1332 |     20 |    173 |    941 |   3 |  450.7 |
       Ossuary |    943 |    943 |      0 |    473 |    125 |   1 |  943.0 |
               +--------+--------+--------+--------+--------+-----+--------+

Top non-repeatable levels by time:
     D:1: 1179 daAuts
 Ossuary: 943 daAuts
     D:4: 162 daAuts
     D:2: 10 daAuts
